 Dungeon Crawl Stone Soup version 0.17.2-1-ge4368a0 (webtiles) character file.

14825034 Goblin1989 the Vine Barricade (level 27, 159/169 HPs)
             Began as a Vine Stalker Berserker on Dec 11, 2016.
             Was the Champion of Dithmenos.
             Escaped with the Orb
             ... and 15 runes on Dec 15, 2016!
             The game lasted 10:56:55 (106508 turns).

Goblin1989 the Vine Barricade (VSBe)              Turns: 106508, Time: 10:56:56

Health: 159/169    AC: 42    Str: 28    XL:     27
Magic:  21/31      EV: 44    Int: 12    God:    Dithmenos [******]
Gold:   10000      SH: 36    Dex: 28    Spells: 12 memorised, 14 levels left

rFire  + + .     SeeInvis .     a - +9 quick blade (vamp)
rCold  . . .     Clarity  .     t - +10 shadow dragon armour
rNeg   + + +     SustAt   .     k - +7 large shield {reflect}
rPois  +         Gourm    .     P - +2 hat of the Bear Spirit {Spirit, +Rage rN+ MR++}
rElec  +         Spirit   +     Q - +2 cloak {+Inv}
rCorr  .         Warding  .     d - +0 pair of gloves {Dex+3}
rMut   +         Stasis   .     H - +2 pair of boots {Fly}
MR     +++++                    j - amulet of resist mutation
Stlth  +++++++...               v - ring of the Mantidfly {+Inv rElec rPois rN++ MP-9}
                                n - ring "Ewokk" {+Fly rF++ Dex-2 Slay+3}

@: mighty, brilliant, agile, phasing, stone skin, shrouded, flying, very
slightly contaminated, hasted, wreathed by umbra, studying Fighting, very quick,
almost entirely resistant to hostile enchantments, extremely stealthy
A: fangs 3, talons 1, blink, clumsy 1, regeneration 3, magic shield, antimagic
bite, no device heal 3, rot immunity
a: Blink, Shadow Step, Shadow Form, Renounce Religion, Evoke Berserk Rage, Evoke
Invisibility, Stop Flying
0: Orb of Zot
}: 15/15 runes: decaying, serpentine, slimy, silver, golden, iron, obsidian,
icy, bone, abyssal, demonic, glowing, magical, fiery, dark


You escaped.
You worshipped Dithmenos.
Dithmenos was exalted by your worship.
You were not hungry.

You visited 18 branches of the dungeon, and saw 94 of its levels.
You visited Pandemonium 5 times, and saw 30 of its levels.
You visited the Abyss 5 times.
You visited 1 bazaar.
You visited 3 ziggurats, and saw 23 of their levels (deepest: 9).
You also visited: Labyrinth, Trove, Volcano and Wizlab.

You collected 12606 gold pieces.
You spent 2606 gold pieces at shops.

Inventory:

Hand Weapons
 a - a +9 vampiric quick blade (weapon)
Missiles
 F - 6 tomahawks of dispersal (quivered)
 Z - 8 throwing nets {=f, !d}
Armour
 d - a +0 pair of gloves of dexterity (worn)
 k - a +7 large shield of reflection (worn)
 t - a +10 shadow dragon armour (worn)
 H - a +2 pair of boots of flying (worn)
 P - the +2 hat of the Bear Spirit (worn) {Spirit, +Rage rN+ MR++}
   (You found it on level 4 of the Vaults)

   It protects you from negative energy.
   It affects your resistance to hostile enchantments.
   It lets you go berserk.
 Q - a +2 cloak of invisibility (worn)
Jewellery
 c - a ring of protection from cold
 j - an amulet of resist mutation (around neck)
 n - the ring "Ewokk" (left hand) {+Fly rF++ Dex-2 Slay+3}
   (You found it on level 14 of the Dungeon)

   [ring of flight]

   It affects your dexterity (-2).
   It affects your accuracy and damage with ranged weapons and melee attacks
   (+3).
   It greatly protects you from fire.
   It lets you fly.
 s - a ring of see invisible
 v - the ring of the Mantidfly (right hand) {+Inv rElec rPois rN++ MP-9}
   (You found it on level 5 of a ziggurat)

   [ring of poison resistance]

   It insulates you from electricity.
   It protects you from poison.
   It greatly protects you from negative energy.
   It affects your magic capacity (-9).
   It lets you turn invisible.
 y - the ring of Feemoez {rElec rF+ Dex+4}
   (You took it off a balrug in Pandemonium)

   [ring of dexterity]

   It affects your dexterity (+4).
   It protects you from fire.
   It insulates you from electricity.
 L - the ring "Ypteddymuu" {SustAt Int+2 Dex+2}
   (You found it on level 7 of the Iron City of Dis)

   [ring of sustain attributes]

   It sustains your strength, intelligence and dexterity.
   It affects your intelligence (+2).
   It affects your dexterity (+2).
Wands
 h - a wand of hasting (4) {!v, @v3}
 p - a wand of hasting (2) {!v, @v3}
 x - a wand of digging (12)
 G - a wand of disintegration (11)
 Y - a wand of teleportation (1) {!v, @v4}
Scrolls
 i - 29 scrolls of remove curse {@r2}
 A - 9 scrolls of fear
 B - 8 scrolls of blinking
 E - 5 scrolls of silence {!r}
 I - 12 scrolls of recharging
 M - 5 scrolls of magic mapping
 R - 5 scrolls of identify {@r1}
 S - 5 scrolls of summoning
 T - 13 scrolls of teleportation {!r, @r4}
 V - 10 scrolls of fog
Potions
 l - 3 potions of brilliance
 m - a potion of haste {!q, @q3}
 o - 3 potions of resistance
 q - 8 potions of cure mutation {!q}
 u - 20 potions of curing {@q1}
 z - 6 potions of agility
 J - 5 potions of might
 U - 8 potions of cancellation
Books
 g - a manual of Fighting
Miscellaneous
 r - a legendary deck of summoning {the Rangers}
 K - a box of beasts
 N - a fan of gales
 O - 2 phantom mirrors
Comestibles
 e - 34 bread rations {@e1}
 D - 37 meat rations {@e2}


   Skills:
 + Level 25.2 Fighting
 - Level 11.0 Short Blades
 + Level 16.8 Armour
 + Level 21.6 Dodging
 + Level 21.8 Stealth
 O Level 27 Shields
 - Level 12.6 Spellcasting
 - Level 11.5 Charms
 - Level 13.4 Summonings
 - Level 6.6 Necromancy
 - Level 13.8 Translocations
 - Level 8.7 Transmutations
 - Level 9.0 Earth Magic
 + Level 14.9 Invocations
 - Level 14.9 Evocations


You had 14 spell levels left.
You knew the following spells:

 Your Spells              Type           Power        Failure   Level  Hunger
a - Stoneskin             Trmt/Erth      #####...     1%          2    None
c - Passwall              Trmt/Erth      #####.....   1%          3    None
g - Passage of Golubria   Tloc           N/A          1%          4    ###....
h - Shroud of Golubria    Chrm/Tloc      #####.....   1%          2    None
o - Apportation           Tloc           #####.....   1%          1    None
p - Phase Shift           Tloc           #####.....   1%          5    #####..
y - Song of Slaying       Chrm           #####...     1%          2    None
A - Aura of Abjuration    Summ           #####.....   1%          5    #####..
B - Summon Butterflies    Summ           #####...     1%          1    None
H - Haste                 Chrm           #####...     5%          6    ######.
R - Regeneration          Chrm/Necr      #####.....   1%          3    None
W - Spectral Weapon       Hex/Chrm       ####....     1%          3    None


Dungeon Overview and Level Annotations

Branches:
Dungeon (15/15)            Temple (1/1) D:7            Lair (8/8) D:10
  Swamp (4/4) Lair:6        Snake (4/4) Lair:3        Slime (6/6) Lair:7
    Orc (4/4) D:9             Elf (3/3) Orc:4        Vaults (5/5) D:14
  Crypt (3/3) Vaults:2       Tomb (3/3) Crypt:3      Depths (5/5) D:15
   Hell (1/1)                 Dis (7/7) Hell            Geh (7/7) Hell
    Coc (7/7) Hell            Tar (7/7) Hell            Zot (5/5) Depths:5

Altars:
Ashenzari
Cheibriados
Dithmenos
Elyvilon
Fedhas
Gozag
Kikubaaqudgha
Makhleb
Nemelex Xobeh
Okawaru
Qazlal
Ru
Sif Muna
Trog
Vehumet
Xom
Yredelemnul
Zin
The Shining One
Beogh
Jiyva
Lugonu

Shops:
D:7 [!   D:9 (*[:   D:11 %([[*   Orc:4 }(}%

Portals:
Hell: Depths:1 Depths:2 Depths:3 Depths:4 Depths:5
Abyss: Depths:1 Depths:4
Pandemonium: Depths:1 Depths:3 Depths:5

Annotations:
D:6 2 runed doors
D:7 exclusion: statue
D:14 exclusion: Roxanne, Roxanne
Lair:2 1 exclusion
Elf:2 3 runed doors
Vaults:5 exclusion: ancient lich
Dis:7 Dispater
Geh:7 Asmodeus
Coc:7 exclusions: 3 ice statues and zombie, Antaeus
Tar:7 Ereshkigal


Innate Abilities, Weirdness & Mutations

You have razor-sharp teeth.
You regenerate.
When hurt, damage is shared between your health and your magic reserves.
Your bite disrupts and absorbs the magic of your enemies.
Potions and wands cannot restore your health.
You are immune to rotting.
You have sharp toenails.
You can translocate small distances at will.
You are clumsy. (Dex -2)


Message History

You block the tarantella's attack.
Casting: Aura of Abjuration
Confirm with . or Enter, or press ? or * to list all spells.
You feel the strange sensation of being on two planes at once.
You block the tarantella's attack.
You now have 24/31 mp.
Casting: Phase Shift
Confirm with . or Enter, or press ? or * to list all spells.
Your skin hardens.
You block the tarantella's attack.
You now have 22/31 mp.
Casting: Stoneskin
Confirm with . or Enter, or press ? or * to list all spells.
Space distorts slightly along a thin shroud covering your body.
You block the tarantella's attack.
You now have 21/31 mp.
Unknown command.
You block the tarantella's attack. You block the demonic crawler's attack.
You block the demonic crawler's attack.
The demonic crawler completely misses you.
You have escaped!

█1.............█ █.........███.
█.██████████████ █████████.█...
█s██████████████████████████...██
█.█.█..█.....█..█.....█..█.█.████
█.█.█..█..█..█..█..█.......█.█ █
█.D..........................█ █
█...█..█..█..█.....█).█..█...████
███..........█.s...█..█..█.█.█...
█....█..█....s@..█.....█.█.█...
██████████████████████████.█...


████ ██████..... ████..███...██..†.. █.................. █...████████.......
███.█ ███.███. █.█ █.█ ██ █.██ █.██ You could see a demonic crawler and a
tarantella.

Vanquished Creatures
  the royal jelly (Slime:6)
  Dissolution (Slime:2)
  Gloorx Vloq (Pan)
  A seraph (Pan)
  the Serpent of Hell (Tar:7)
  10 ancient liches
  Khufu (Tomb:1)
  2 orbs of fire (Zot:5)
  Mennas (Pan)
  34 greater mummies
  4 shard shrikes
  Margery (Depths:1)
  Norris (Vaults:1)
  Saint Roka (Snake:3)
  Vashnia (Snake:2)
  6 Killer Klowns
  A curse toe (Zot:2)
  Geryon (Hell)
  10 golden dragons
  A profane servitor (Crypt:3)
  Jory (Crypt:1)
  A pearl dragon (Pan)
  6 bone dragons
  9 liches
  14 Brimstone Fiends
  An electric golem (Zot:5)
  2 hellephants
  Jorgrun (Depths:1)
  A shard shrike zombie (Crypt:2)
  26 tentacled monstrosities
  3 Ice Fiends
  9 Hell Sentinels
  A moon troll (WizLab)
  Asterion (Vaults:1)
  28 Orb Guardians
  7 quicksilver dragons
  4 deep elf blademasters
  Murray (Depths:5)
  15 Executioners
  6 pandemonium lords (Pan)
  17 acid blobs
  6 titans (Vaults:5)
  7 death cobs
  11 Shadow Fiends
  10 tentacled starspawn
  13 sphinxes
  5 ancient champions
  An eldritch tentacle (Dis:7)
  Frances (Elf:1)
  11 greater nagas
  9 shadow dragons
  5 revenants
  17 storm dragons
  3 draconian monks
  6 corrupters
  12 daevas (Pan)
  7 fire giants
  10 tengu reavers
  An azure jelly (shapeshifter) (Zig:3)
  26 balrugs
  Wiglaf (Vaults:2)
  9 azure jellies
  7 ghost moths
  Donald (Vaults:1)
  10 frost giants
  11 deep elf sorcerers (Elf:3)
  9 iron dragons
  7 draconian knights
  8 draconian scorchers
  8 cacodemons
  Aizul (Depths:2)
  19 vault wardens
  A curse skull (Crypt:2)
  A juggernaut zombie (Depths:2)
  An emperor scorpion (Zig:7)
  21 angels (Pan)
  3 draconian shifters
  8 draconian zealots
  The ghost of Goblin1989 the Acrobat, an adept SpBe of Trog (Snake:2)
  An orc warlord (Depths:4)
  A ghoul (Crypt:3)
  12 ironheart preservers
  7 draconian annihilators
  8 warmongers (Pan)
  34 very ugly things
  33 reapers
  25 stone giants
  2 spriggan defenders (Depths:4)
  11 ophanim
  2 draconian callers
  13 salamander firebrands
  11 green draconians
  19 war gargoyles
  8 apis (Pan)
  9 starcursed masses
  2 bennus (Tomb:3)
  5 black draconians
  7 blood saints (Pan)
  6 deep elf demonologists
  7 vampire knights
  12 white draconians
  11 mottled draconians
  Azrael (D:13)
  5 red draconians
  4 yellow draconians
  A dire elephant (Abyss:3)
  2 salamander stormcallers
  31 lorocyprocas
  5 chaos champions (Pan)
  14 deep elf annihilators
  The ghost of ololoev the Cleaver, a journeyman DsFi of Makhleb (Swamp:2)
  9 purple draconians
  2 black suns
  7 eidola
  19 blizzard demons
  15 ettins
  17 green deaths
  10 deep elf death magi
  9 deep elf high priests
  33 vault guards
  A minotaur (Lab)
  2 crystal guardians
  29 jiangshi
  9 death oozes (Slime:6)
  16 fire dragons
  24 mummy priests
  15 yaktaur captains
  2 quicksilver dragon zombies
  2 spriggan air magi
  4 entropy weavers
  19 ice dragons
  14 centaur warriors
  4 quicksilver dragon skeletons
  A great orb of eyes (shapeshifter) (Zig:6)
  The ghost of Goblin1989 the Spear-Bearer, a journeyman MfGl of Gozag (Lair:1)
  8 rakshasas
  15 great orbs of eyes
  13 naga warriors
  11 hell beasts
  2 catoblepae
  2 ghost crabs
  15 hydras
  10 monstrous demonspawn (Pan)
  Erolcha (D:10)
  7 death knights
  11 ogre magi
  A spectral stone giant (Crypt:3)
  4 dancing weapons
  An alligator snapping turtle (shapeshifter) (Zig:4)
  13 anacondas
  7 deep troll shamans
  A satyr (Abyss:3)
  10 vampire magi
  7 thrashing horrors
  11 alligators
  7 deep troll earth magi
  13 hell hogs
  3 tengu warriors
  19 naga sharpshooters
  An alligator (shapeshifter) (Zig:4)
  4 titan zombies
  41 sun demons
  3 spriggan berserkers (Depths:5)
  6 storm dragon zombies
  A fire crab (shapeshifter) (Vaults:1)
  6 shock serpents
  Nergalle (Lair:3)
  An orc high priest (Depths:4)
  5 iron golems
  21 soul eaters
  18 deep elf knights
  A shock serpent (shapeshifter) (Vaults:5)
  2 wretched stars
  86 skeletal warriors
  6 titan skeletons
  45 hell knights
  10 cherubim (Pan)
  13 shadow wraiths
  2 fire crabs
  12 salamander mystics
  4 sea snakes (Snake:4)
  14 giant orange brains
  21 ice devils
  A golden dragon zombie (Depths:2)
  A death drake (Zig:8)
  41 death scarabs
  20 iron trolls
  An unseen horror (shapeshifter) (Vaults:1)
  3 anaconda zombies
  6 putrid demonspawn (Pan)
  14 shadow demons
  An orange crystal statue (WizLab)
  3 shambling mangroves
  15 deep elf summoners
  A kraken simulacrum (Hell)
  2 spriggan druids
  9 infernal demonspawn (Pan)
  9 naga ritualists
  A hill giant (shapeshifter) (Zig:3)
  6 lindwurms
  A ghost moth zombie (Dis:7)
  4 unseen horrors
  An obsidian statue (Zig:6)
  7 gelid demonspawn (Pan)
  7 torturous demonspawn (Pan)
  6 swamp dragons
  7 harpies
  17 hill giants
  18 deep elf conjurers
  16 necromancers
  17 flayed ghosts
  A golden dragon skeleton (Dis:1)
  27 anubis guards
  3 shadow dragon zombies
  39 deep trolls
  2 sphinx zombies
  18 ironbrand convokers
  5 iron dragon zombies
  4 anaconda skeletons
  6 wolf spiders
  9 hornets
  53 ugly things
  6 frost giant zombies
  11 cyclopes
  A manticore (D:12)
  8 wizards
  3 wolf spider zombies
  An orb spider (shapeshifter) (Elf:1)
  5 orc sorcerers
  4 fire giant zombies
  6 stone giant zombies
  A faun (shapeshifter) (Zig:3)
  15 phantasmal warriors
  2 water nymphs (Abyss:3)
  3 shadow dragon skeletons
  8 shining eyes
  17 orc knights
  3 orb spiders
  16 vault sentinels
  7 griffons
  2 oklob plants (Zig:7)
  33 salamanders
  2 frost giant skeletons
  2 storm dragon simulacra
  5 iron dragon skeletons
  27 naga magi
  A worldbinder (Abyss:3)
  An eye of devastation (shapeshifter) (Zig:3)
  15 mana vipers
  16 sixfirhies
  A human skeleton (Vaults:5)
  6 elephants (Lair:7)
  3 fire giant skeletons
  2 centaur zombies
  25 orange demons
  Joseph (D:9)
  21 hellions
  34 black mambas
  An apocalypse crab (Zig:6)
  18 moths of wrath
  2 ice statues
  3 dire elephant zombies
  7 guardian serpents
  4 stone giant skeletons
  A shock serpent skeleton (Geh:2)
  A torpor snail (Lair:6)
  Psyche (D:11)
  16 molten gargoyles (Geh:7)
  An elephant slug zombie (Crypt:2)
  A yellow draconian zombie (Crypt:1)
  17 spiny frogs
  4 gargoyles
  2 yaktaur zombies
  31 rust devils
  13 komodo dragons
  2 dire elephant skeletons
  6 efreet
  An emperor scorpion zombie (Dis:7)
  41 smoke demons
  A komodo dragon (shapeshifter) (Vaults:1)
  22 eyes of devastation
  29 tormentors
  12 hellwings (Pan)
  4 ancient zymes
  54 yaktaurs
  13 demonic crawlers
  A yaktaur (shapeshifter) (Vaults:2)
  18 freezing wraiths
  A minotaur zombie (Lab)
  3 kobold demonologists
  A harpy zombie (Geh:4)
  A hydra zombie (Geh:3)
  A purple draconian skeleton (Crypt:2)
  A red draconian skeleton (Geh:7)
  43 guardian mummies
  18 deep elf priests
  13 trolls
  5 polar bears
  5 jumping spiders
  138 slime creatures
  A fire drake (shapeshifter) (D:13)
  8 blue devils
  A queen bee (Lair:1)
  3 giant leeches
  36 red devils
  3 tengu conjurers
  A polar bear (shapeshifter) (Elf:1)
  4 raiju
  A frost giant simulacrum (Vaults:3)
  A stone giant simulacrum (Crypt:1)
  A golden dragon simulacrum (Depths:4)
  2 hydra skeletons
  A merfolk (shapeshifter) (Depths:1)
  Prince Ribbit (D:9)
  4 fire drakes
  20 ushabtiu
  37 two-headed ogres
  An iron dragon simulacrum (Crypt:3)
  3 ice dragon zombies
  4 spriggan zombies
  32 large abominations
  2 blink frogs (shapeshifter)
  A minotaur skeleton (Pan)
  A hornet zombie (D:15)
  10 bog bodies
  7 ettin zombies
  3 alligator zombies
  22 blink frogs
  2 slime creatures (shapeshifter)
  4 boulder beetles
  2 harpy skeletons (Tomb:2)
  A trapdoor spider (Zig:5)
  An ice dragon skeleton (Geh:7)
  2 black mamba zombies
  26 wraiths
  152 flying skulls
  2 redbacks
  A hippogriff (shapeshifter) (Vaults:4)
  6 air elementals
  A fire dragon zombie (Coc:1)
  7 ettin skeletons
  5 tarantellas
  A centaur simulacrum (D:15)
  14 vampires
  A satyr skeleton (Crypt:2)
  A dire elephant simulacrum (Tomb:2)
  32 ynoxinuls
  3 fire bats (Volcano)
  2 alligator skeletons
  6 basilisks
  2 wyverns
  22 fire elementals
  5 water elementals
  A tarantella (shapeshifter) (Vaults:2)
  31 neqoxecs
  29 shadows
  8 hippogriffs
  25 deep elf magi
  37 deep elf fighters
  18 golden eyes
  46 yaks
  3 hungry ghosts
  2 spriggans
  4 mottled dragons
  A basilisk (shapeshifter) (Vaults:1)
  37 vampire mosquitoes
  15 chaos spawn
  8 insubstantial wisps
  23 swamp worms
  5 wolves (Lair:6)
  A gelid demonspawn zombie (Crypt:1)
  40 hell hounds
  3 spatial vortices (Abyss:3)
  50 nagas
  2 hydra simulacra
  57 orc warriors
  5 spiny frog zombies
  17 water moccasins
  A spriggan simulacrum (Zig:4)
  12 wasps
  A trapdoor spider simulacrum (D:15)
  5 eyes of draining
  A swamp dragon zombie (Geh:7)
  4 wargs
  6 swamp drakes
  2 spiny frog skeletons
  11 ice beasts
  9 porcupines
  A black bear (shapeshifter) (Vaults:3)
  An ettin simulacrum (Tomb:1)
  A spider (Zig:5)
  3 phantoms
  11 black bears
  2 snapping turtle zombies
  A manticore skeleton (Tar:5)
  16 necrophages
  14 centaurs
  A manticore zombie (Dis:3)
  4 boggarts (Depths:1)
  A snapping turtle skeleton (Tomb:1)
  2 swamp dragon skeletons
  67 ogres
  4 big kobolds
  2 brain worms (Pan)
  A human zombie (Vaults:5)
  7 crocodiles
  A yaktaur skeleton (Zig:3)
  A wyvern zombie (D:15)
  A dryad skeleton (Crypt:1)
  9 earth elementals
  2 wyvern skeletons
  2 scorpions (D:11)
  23 giant frogs
  25 killer bees (Lair:1)
  A water moccasin skeleton (D:10)
  2 electric eels
  A troll skeleton (Tar:5)
  A human simulacrum (Vaults:3)
  31 wights
  2 giant frog zombies
  10 small abominations
  28 jellies
  2 lava snakes (Volcano)
  29 iron imps
  26 orc priests
  20 crimson imps
  5 centaur skeletons
  A giant frog skeleton (D:4)
  30 orc wizards
  A wyvern simulacrum (D:14)
  6 worker ants
  A demonspawn skeleton (Crypt:1)
  11 hounds
  2 quasits
  5 hell rats (Depths:5)
  10 iguanas
  20 sheep
  A tengu zombie (Geh:7)
  A sheep (shapeshifter) (D:14)
  75 mummies
  A hound skeleton (D:5)
  16 adders
  42 river rats
  A scorpion zombie (Crypt:1)
  A worker ant zombie (D:8)
  8 shadow imps
  10 white imps
  2 giant eyeballs
  2 ufetubi
  4 oozes
  An adder skeleton (D:8)
  An adder zombie (D:9)
  9 worms
  5 giant geckos
  191 orcs
  3 ball pythons
  9 giant cockroaches
  9 hobgoblins
  12 jackals
  29 kobolds
  7 quokkas
  A ball python zombie (D:6)
  6 bats
  4 giant newts
  5 goblins
  A kobold zombie (Dis:2)
  9 rats
  A river rat zombie (Crypt:2)
  A fire vortex (Vaults:1)
  A lost soul (Crypt:1)
  9 starspawn tentacles
  A tentacle (Hell)
4844 creatures vanquished.

Vanquished Creatures (collateral kills)
  Rupert (D:14)
  A fire giant (Zig:7)
  Maud (D:14)
  2 stone giants
  Nessos (Orc:4)
  Snorg (Lair:3)
  A hydra (Swamp:4)
  4 anacondas (Snake:1)
  3 ogre magi (Orc:4)
  Sonja (Lair:1)
  2 swamp dragons (Swamp:4)
  A giant orange brain (WizLab)
  An orb spider (Zig:6)
  A cyclops (Zig:7)
  An ugly thing (WizLab)
  3 eyes of devastation (Depths:3)
  A black mamba (Snake:1)
  A two-headed ogre (Orc:4)
  A bog body (Swamp:4)
  A hungry ghost (D:7)
  A redback (Zig:6)
  3 nagas (Lair:3)
  An orc warrior (D:6)
  A centaur (D:6)
  6 ogres (Orc:4)
  A scorpion (Lair:3)
  An orc wizard (D:6)
  6 river rats (Lair:3)
  2 orcs
51 creatures vanquished.

Vanquished Creatures (others)
  3 eldritch tentacles
  A vault warden (Vaults:1)
  A frost giant (Vaults:1)
  2 stone giants
  A salamander stormcaller (Vaults:1)
  A blizzard demon (Pan)
  A rakshasa (Pan)
  2 deep elf high priests (Elf:3)
  A naga warrior (Snake:4)
  An ogre mage (Vaults:1)
  A sun demon (Pan)
  11 death scarabs (Tomb:2)
  A ball lightning (Zot:2)
  A giant orange brain (Pan)
  An ugly thing (Vaults:1)
  A guardian mummy (Tomb:3)
  A hydra zombie (Tomb:2)
  A blink frog (Swamp:3)
  9 flying skulls
  A vampire mosquito (Vaults:3)
  A neqoxec (Pan)
  A deep elf fighter (Vaults:2)
  2 hell hounds (Geh:1)
  A boggart (Depths:1)
  2 wights (Geh:4)
  4 mummies
  2 white imps (Coc:7)
  An orc (Orc:1)
  282 eldritch tentacle segments
  3 fungi (Lair:8)
  6 lost souls
  8 plants
  6 starspawn tentacles
  42 starspawn tentacle segments
  3 tentacles (Hell)
  19 tentacle segments (Hell)
425 creatures vanquished.

Grand Total: 5320 creatures vanquished

Notes
Turn   | Place    | Note
--------------------------------------------------------------
     0 | D:1      | Goblin1989 the Vine Stalker Berserker began the quest for the Orb.
     0 | D:1      | Reached XP level 1. HP: 11/11 MP: 2/2
    75 | D:1      | Reached skill level 1 in Stealth
    95 | D:1      | Reached skill level 3 in Short Blades
   101 | D:1      | Reached XP level 2. HP: 16/16 MP: 3/3
   732 | D:2      | Reached ** piety under Trog
   732 | D:2      | Reached XP level 3. HP: 19/19 MP: 4/4
  1057 | D:2      | Found a white marble altar of Elyvilon.
  1075 | D:2      | Reached XP level 4. HP: 19/23 MP: 5/5
  1486 | D:3      | Found a faded altar to an unknown god.
  1494 | D:3      | Reached skill level 4 in Short Blades
  1683 | D:3      | Reached XP level 5. HP: 16/27 MP: 6/6
  1691 | D:3      | Reached *** piety under Trog
  2298 | D:3      | Reached skill level 5 in Short Blades
  2444 | D:3      | Gained mutation: You heal very quickly. [Vine Stalker growth]
  2444 | D:3      | Reached XP level 6. HP: 26/32 MP: 7/7
  2580 | D:4      | Found an ancient bone altar of Kikubaaqudgha.
  2581 | D:4      | Found a glowing golden altar of the Shining One.
  2582 | D:4      | Found a shadowy altar of Dithmenos.
  2956 | D:4      | Gained mutation: You have sharp toenails. [potion of beneficial mutation]
  3098 | D:4      | Reached skill level 5 in Stealth
  3098 | D:4      | Reached XP level 7. HP: 19/35 MP: 8/8
  3102 | D:5      | Entered Level 5 of the Dungeon
  3121 | D:5      | Reached skill level 6 in Short Blades
  4053 | D:5      | Reached **** piety under Trog
  4108 | D:6      | Found a bloodstained altar of Trog.
  4393 | D:6      | Reached skill level 7 in Short Blades
  4393 | D:6      | Gained mutation: You have razor-sharp teeth. [Vine Stalker growth]
  4393 | D:6      | Reached XP level 8. HP: 24/40 MP: 7/9
  4618 | D:6      | Found a shimmering altar of Xom.
  4624 | D:6      | Found a stormy altar of Qazlal.
  4624 | D:6      | Found a shattered altar of Ashenzari.
  4624 | D:6      | Found a snail-covered altar of Cheibriados.
  4627 | D:6      | Found a sparkling altar of Nemelex Xobeh.
  4628 | D:6      | Found a burning altar of Makhleb.
  4629 | D:6      | Found a sacrificial altar of Ru.
  5168 | D:6      | Found a runed door.
  5181 | D:6      | Found a runed door.
  5644 | D:7      | Found Egimekue's Armour Boutique.
  5647 | D:7      | Bought a +0 pair of gloves of dexterity for 149 gold pieces
  5666 | D:7      | Found a radiant altar of Vehumet.
  5709 | D:7      | Reached skill level 8 in Short Blades
  5842 | D:7      | Found a staircase to the Ecumenical Temple.
  6032 | D:7      | Reached XP level 9. HP: 45/45 MP: 10/10
  6142 | D:7      | Noticed a two-headed ogre
  6152 | D:7      | Killed a two-headed ogre
  6197 | D:7      | Found Oquoj's Distillery.
  6204 | D:7      | Bought a potion of curing for 48 gold pieces
  6204 | D:7      | Bought a potion of poison for 16 gold pieces
  7664 | D:8      | Reached skill level 9 in Short Blades
  7703 | D:9      | Reached skill level 5 in Fighting
  7752 | D:9      | Noticed Prince Ribbit
  7779 | D:9      | Killed Prince Ribbit
  7808 | D:9      | Identified a scroll of acquirement
  7953 | D:9      | Noticed Joseph
  7972 | D:9      | Killed Joseph
  7972 | D:9      | Reached XP level 10. HP: 39/51 MP: 8/11
  8026 | D:9      | Found Giajikask's Book Shoppe.
  8064 | D:9      | Found Qumunax's Antique Weapon Boutique.
  8070 | D:9      | Found a staircase to the Orcish Mines.
  8147 | D:9      | Bought a smoking short sword for 304 gold pieces
  8147 | D:9      | Identified the +0 short sword of Watchfulness {flame, *Corrode rElec rN+++ Int+3} (You bought it in a shop on level 9 of the Dungeon)
  8176 | D:9      | Found Ceadoluo's General Store.
  8351 | D:9      | crauler: в транке интересного что появилось?
  8358 | D:9      | Goblin1989: хз
  8358 | D:9      | crauler: с 0.20
  8358 | D:9      | crauler: f
  8358 | D:9      | crauler: 0.17
  8401 | D:9      | Found Budeoxt's Armour Shop.
  8404 | D:9      | Goblin1989: wow
  8404 | D:9      | crauler: плейт хорош
  8404 | D:9      | crauler: хотя резисты нужны
  8404 | D:9      | Goblin1989: lf yt
  8404 | D:9      | Goblin1989: да не
  8404 | D:9      | Goblin1989: это было первое впечатление
  8404 | D:9      | Goblin1989: все треш
  8404 | D:9      | Goblin1989: максвел хорош только муравьям
  8440 | D:9      | crauler: я с подобным плейтом игру протабал
  8440 | D:9      | crauler: +15 плейт стр+2
  8474 | D:10     | Entered Level 10 of the Dungeon
  8475 | D:10     | Found a staircase to the Lair.
  8499 | D:10     | Goblin1989: ну я-то не совсем таббер
  8637 | D:10     | Noticed Erolcha
  8709 | D:11     | Killed an unseen horror
  8736 | D:11     | crauler: Snorg, Xtahua, and Bai Suzhen’s hides now have an inherent bonus enchantment.
  8737 | D:11     | crauler: джва года ждал
  8740 | D:11     | Noticed a hill giant
  8746 | D:11     | Noticed Psyche
  8810 | D:11     | Killed a hill giant
  8810 | D:11     | Reached skill level 10 in Short Blades
  8836 | D:11     | crauler: както рискованно гиганта табать с таким хп
  8888 | D:10     | Killed Erolcha
  8888 | D:10     | Reached skill level 5 in Armour
  8888 | D:10     | Reached skill level 5 in Dodging
  8919 | D:10     | Goblin1989: кб
  8919 | D:10     | Goblin1989: и я его не табал
  9047 | D:10     | crauler: ну 14 хп, там уже на один удар
  9097 | D:10     | crauler: ммммм
  9097 | D:10     | crauler: опрос по дцсс
  9104 | D:10     | crauler: как вы узнали
  9591 | Orc:1    | Entered Level 1 of the Orcish Mines
  9643 | D:9      | Reached XP level 11. HP: 35/58 MP: 9/12
  9659 | Orc:1    | Devio: Yo
  9756 | Orc:1    | Noticed an orc knight
  9860 | D:9      | Goblin1989: hi
  9860 | D:9      | Devio: New, So im just watching others so i have a basic idea haha
  9860 | D:9      | crauler: ayyy lmao
  9861 | D:9      | crauler: ogres have no stealth penalty
  9863 | Orc:1    | crauler: aside from apt
  9924 | Orc:1    | crauler: м
  9926 | D:9      | crauler: спугнул
  9943 | Orc:1    | Killed an orc knight
  9947 | Orc:1    | Goblin1989: 0.2
  9947 | Orc:1    | Goblin1989: неплохая скорость
  9947 | Orc:1    | Goblin1989: за один ход пять раз задомажу
  9947 | Orc:1    | Iwannabefree: кубэ
  9949 | Orc:1    | Iwannabefree: +берсерк
  9951 | Orc:1    | Iwannabefree: топовая тема
 10005 | Orc:1    | Iwannabefree: дефир как-то абузил парные квикблейды с эвокающимся берсерком
 10023 | Orc:1    | crauler: !rng 0.19 0.18 0.17
 10024 | Orc:1    | beem: The RNG chooses: 0.17.
 10040 | Orc:1    | Reached ***** piety under Trog
 10056 | Orc:1    | Iwannabefree: транк
 10066 | Orc:1    | crauler: да хуй знает
 10072 | D:9      | crauler: там огры такие же незаметные как полурослики
 10206 | Orc:1    | Found a roughly hewn altar of Beogh.
 10208 | Orc:1    | Iwannabefree: не совсем
 10296 | Orc:1    | crauler: так и хочется сделать айййй лмао огра с дубинбашка
 10308 | Orc:1    | crauler: ну апта хуже
 10315 | Orc:1    | Iwannabefree: что значит ну епты
 10381 | Orc:1    | Iwannabefree: попробуй с -5 хоть что-то вкачать
 10495 | Orc:2    | Noticed an orc knight
 10498 | Orc:2    | Noticed an orc knight
 10513 | Orc:1    | crauler: у огров -2
 10513 | Orc:1    | crauler: лучше чем у кентавров
 10513 | Orc:1    | Iwannabefree: nu togde mozhno try
 10513 | Orc:1    | Iwannabefree: !apt og
 10513 | Orc:1    | beem: Og: Fighting: 3!, Short: -4*, Long: -3*, Axes: -3*, Maces: 3!, Polearms: 0, Staves: -1, Slings: -3, Bows: -3, Xbows: -3, Throw: 0, Armour: -2, Dodge: -1, Stealth: -2, Shields: -1, UC: -1, Splcast: 1, Conj: -3*, Hexes: -3, Charms: -3, Summ: -3*, Nec: -3*, Tloc: -3*, Tmut: -3, Fire: -3*, Ice: -3*, Air: -3, Earth: -3*, Poison: -3*, Inv: 1, Evo: -2, Exp: 0, HP: 3!, MP: 0
 10513 | Orc:1    | crauler: ??stab
 10513 | Orc:1    | beem: stabbing[1/5]: A stab with a short blade does increased damage: (dam+bonus)*mult, where bonus depends on your dex as well as your stealth and weapon skills and is capped at 30, and mult depends on your stealth/weapon skills and the type of stab (sleep/paralysis is best). Non-short blades don't get a bonus and have lower mult. Daggers get bonus doubled (but still capped at 30).
 10513 | Orc:1    | Iwannabefree: на самом деле даже не с шортами довольно неплохо получается стабать
 10513 | Orc:1    | Iwannabefree: я бегал в шадоуда
 10513 | Orc:1    | Iwannabefree: и стабал гритсвордом
 10513 | Orc:1    | Iwannabefree: спящих
 10513 | Orc:1    | crauler: ну я вот думаю по гск
 10513 | Orc:1    | crauler: там же стелс чекается раз за действие
 10513 | Orc:1    | crauler: а не за аут
 10513 | Orc:1    | crauler: и такой дамаг что даже небольшой множитель пойдет
 10513 | Orc:1    | Iwannabefree: чот рофл
 10513 | Orc:1    | Iwannabefree: сейчас мою нагу с 45 ас под щитом тсо
 10513 | Orc:1    | Iwannabefree: и берсерком
 10513 | Orc:1    | Iwannabefree: чуть сераф не затабал
 10513 | Orc:1    | Iwannabefree: при этом у меня трипл +9
 10513 | Orc:1    | crauler: кубики-кубиксы
 10513 | Orc:1    | Iwannabefree: 83 dmg
 10513 | Orc:1    | Iwannabefree: za udar
 10513 | Orc:1    | Iwannabefree: ya ohuel
 10513 | Orc:1    | Iwannabefree: za hod tochnee
 10513 | Orc:1    | crauler: хм
 10513 | Orc:1    | Iwannabefree: tam eshe angel s pletkoy bil
 10513 | Orc:1    | crauler: ашензари на д2
 10513 | Orc:1    | Iwannabefree: ??!!
 10513 | Orc:1    | beem: ]![2/3]: If you hit something and the message ends with !, that means you did 7-17 damage. !!: 18-35. !!!: 36-71. !!!!: 72-143. !!!!!: 144-287. !!!!!!: 288+; and so on. Yikes!
 10513 | Orc:1    | crauler: ашен или этот
 10513 | Orc:1    | crauler: доместос
 10513 | Orc:1    | Iwannabefree: если прям лмао стаббера
 10513 | Orc:1    | Iwannabefree: то доместос
 10513 | Orc:1    | Iwannabefree: без него стабать уныло
 10513 | Orc:1    | crauler: а ну да
 10513 | Orc:1    | crauler: тенеблинк
 10513 | Orc:1    | crauler: аше отменяется
 10513 | Orc:1    | Iwannabefree: >NaVm of TSO
 10513 | Orc:1    | Iwannabefree: >The daeva calls down the wrath of the Shining One upon you. The Shining One smites you!
 10513 | Orc:1    | crauler: бляяяядь
 10513 | Orc:1    | crauler: -6 протект и теле
 10513 | Orc:1    | crauler: и нет ремува
 10513 | Orc:1    | Goblin1989: так
 10513 | Orc:1    | Goblin1989: нафиг таие орки
 10513 | Orc:1    | Goblin1989: но и лэйер без щита проходить не круто
 10513 | Orc:1    | Goblin1989: хм
 10513 | Orc:1    | Goblin1989: пройду пару этажей лэйера, чтобы паети набрать, а потом еще парочку этажей данжа зачищу, может и найду
 10567 | Lair:1   | Entered Level 1 of the Lair of Beasts
 10605 | Lair:1   | Noticed Goblin1989's ghost (journeyman MfGl)
 10618 | Lair:1   | Killed Goblin1989's ghost
 10731 | Lair:1   | Received a gift from Trog
 10861 | Lair:1   | Noticed an eight-headed hydra
 10872 | Lair:1   | Killed an eight-headed hydra
 10897 | Lair:1   | crauler: может орков лучше?
 10897 | Lair:1   | crauler: вместо данжа
 10898 | Lair:1   | crauler: аллах бабах
 10898 | Lair:1   | Goblin1989: может
 10898 | Lair:1   | Goblin1989: во!
 10898 | Lair:1   | crauler: ду ит
 10898 | Lair:1   | Received a gift from Trog
 11133 | Lair:1   | Noticed Sonja
 11159 | Lair:1   | Killed Sonja
 11159 | Lair:1   | Reached skill level 10 in Fighting
 11167 | Lair:1   | Goblin1989: чет не прет
 11167 | Lair:1   | Goblin1989: -3 блоуган с сони выпал
 11167 | Lair:1   | Goblin1989: пичалька
 11548 | Lair:2   | Goblin1989: ну мля
 11548 | Lair:2   | Goblin1989: иглы парализа
 11548 | Lair:2   | Goblin1989: еще бу блоуган прилиличный
 11574 | Lair:2   | Gained mutation: You regenerate. [Vine Stalker growth]
 11574 | Lair:2   | Reached XP level 12. HP: 59/67 MP: 13/13
 12017 | Lair:2   | Reached skill level 11 in Fighting
 12259 | Lair:2   | Received a gift from Trog
 12533 | Lair:3   | Found a dark tunnel.
 12541 | Volcano  | Entered a volcano
 12661 | Volcano  | Found a burning altar of Makhleb.
 12779 | Lair:3   | Noticed Snorg
 12787 | Lair:3   | Killed Snorg
 12787 | Lair:3   | Reached skill level 12 in Fighting
 12830 | Lair:3   | Found a staircase to the Snake Pit.
 13026 | Lair:3   | Noticed Nergalle
 13053 | Lair:3   | Killed Nergalle
 13159 | Lair:3   | Reached XP level 13. HP: 76/76 MP: 14/14
 14033 | Orc:2    | Killed an orc knight
 14122 | Orc:2    | Killed an orc knight
 14140 | Orc:2    | Reached skill level 13 in Fighting
 14362 | Orc:3    | Received a gift from Trog
 14387 | Orc:3    | Reached ****** piety under Trog
 14978 | Orc:4    | Entered Level 4 of the Orcish Mines
 14985 | Orc:4    | crauler: увлекательные похождения 10 лвла в абиссе
 14985 | Orc:4    | Goblin1989: это унижение
 14985 | Orc:4    | Goblin1989: а не увлечение
 14985 | Orc:4    | crauler: у этой
 14985 | Orc:4    | crauler: psyche чтоли скорость выше 10?
 14985 | Orc:4    | Goblin1989: хотя я пару раз выходил из абиса на 10 лвл
 14985 | Orc:4    | Goblin1989: не
 14985 | Orc:4    | Goblin1989: он хуман
 14985 | Orc:4    | Goblin1989: а что?
 14985 | Orc:4    | Goblin1989: у него даггер
 14985 | Orc:4    | Goblin1989: даггеры быстрые
 15064 | Orc:4    | Noticed Nessos
 15079 | Orc:4    | crauler: я говорю про скорость бена
 15079 | Orc:4    | crauler: бега
 15079 | Orc:4    | crauler: просто убегал от нее, она и спеллами плевалась и уебала разок даггером
 15081 | Orc:4    | Killed Nessos
 15119 | Orc:4    | Goblin1989: хз
 15119 | Orc:4    | crauler: ебаться разбежаться
 15119 | Orc:4    | crauler: дамаг пишут у монстров
 15119 | Orc:4    | Goblin1989: боты спида?
 15132 | Orc:4    | crauler: не, я по абиссу гуляю
 15150 | Orc:4    | crauler: ее еще не видел
 15181 | Orc:4    | crauler: стелс конечно повышает шансы выжить
 15186 | Orc:4    | crauler: и +4 холи флейл
 15285 | Orc:4    | Found a staircase to the Elven Halls.
 15365 | Orc:4    | Goblin1989: ёёёбушки-воробушки
 15365 | Orc:4    | Goblin1989: это не моё пати
 15390 | Orc:4    | Received a gift from Trog
 15501 | Orc:4    | Found Ejuhi's Gadget Shoppe.
 15501 | Orc:4    | Found Leleh's Antique Weapon Boutique.
 15537 | Orc:4    | crauler: не бля
 15537 | Orc:4    | crauler: три дверцы вроде нашел
 15537 | Orc:4    | crauler: все вниз
 15549 | Orc:4    | crauler: да и с двумя свитками теле и одним блинком долго не походишь
 15549 | Orc:4    | Found Cyatan's Food Emporium.
 15549 | Orc:4    | Found Obloept's Gadget Boutique.
 15566 | Orc:4    | Found a roughly hewn altar of Beogh.
 15743 | Orc:4    | Received a gift from Trog
 15946 | D:11     | Found Vaonethu's Food Boutique.
 16126 | D:11     | Found Azea's Assorted Antiques.
 16134 | D:11     | Bought a runed cloak for 99 gold pieces
 16134 | D:11     | Bought a scroll labeled TAKKEI LAXIAQ for 22 gold pieces
 16134 | D:11     | Bought an iron ring for 110 gold pieces
 16134 | D:11     | Bought a scroll labeled APRIOSK DONEL for 22 gold pieces
 16197 | D:11     | Noticed a wizard
 16206 | D:11     | Killed a wizard
 16258 | D:11     | Found Qieguaw's Antique Weapon Shop.
 16287 | D:11     | Reached skill level 1 in Evocations
 16371 | D:11     | Killed Psyche
 16414 | D:11     | Found Cuphefuab's Antique Armour Shop.
 16422 | D:11     | Goblin1989: урааааа
 16422 | D:11     | Goblin1989: баклер
 16422 | D:11     | Bought a distressingly furry buckler for 285 gold pieces
 16422 | D:11     | Bought a polished scale mail for 270 gold pieces
 16427 | D:11     | Identified the +0 buckler of Filth {rCorr Int+2} (You bought it in a shop on level 11 of the Dungeon)
 16437 | D:11     | Identified the +4 scale mail of Gieshrazo {+Fly rF+ MR- rCorr} (You bought it in a shop on level 11 of the Dungeon)
 16530 | D:11     | jacquesderrida: Гремленг
 16579 | D:11     | jacquesderrida: Ну что, попробовал хеллкрол?
 16592 | D:11     | jacquesderrida: Попробуй, годнота!
 16592 | D:11     | Goblin1989: это что такое?
 16627 | D:11     | Found Uggistra's Armour Boutique.
 16627 | D:11     | Noticed a green ugly thing
 16641 | D:11     | Killed a green ugly thing
 16652 | D:11     | Bought a +2 ring mail of poison resistance for 288 gold pieces
 16753 | D:11     | Noticed an unseen horror
 16759 | D:11     | Killed an unseen horror
 16759 | D:11     | Reached skill level 14 in Fighting
 16907 | Lair:3   | Reached skill level 1 in Shields
 17016 | Lair:4   | Reached skill level 10 in Dodging
 17543 | Lair:5   | Reached XP level 14. HP: 73/84 MP: 15/17
 17923 | Lair:5   | Received a gift from Trog
 18097 | Lair:5   | jacquesderrida: ??hellcrawl
 18097 | Lair:5   | beem: hellcrawl[1/1]: A meme fork developed by hellmonk. Features: less experience. Unfeatures: everything tavern hates. Playable on {cpo}.
 18343 | Lair:6   | Found a labyrinth entrance.
 18353 | Lab      | Entered a labyrinth
 18404 | Lab      | jacquesderrida: Норм тема
 18408 | Lab      | jacquesderrida: Половина игры вырезана
 18423 | Lab      | jacquesderrida: Уровни, бранчи, лейр
 18425 | Lab      | jacquesderrida: Монстры сложнее
 18425 | Lab      | Goblin1989: вспомнил
 18425 | Lab      | Goblin1989: говно какое-то
 18425 | Lab      | jacquesderrida: Nyet
 18585 | Lab      | Iwannabefree: йо
 18595 | Lab      | Iwannabefree: Попался церебов с палкой теле
 18595 | Lab      | Iwannabefree: Второй раз уходит, пидор!
 19017 | Lab      | Got a slimy steel ring
 19019 | Lab      | Identified the ring of Vicipesa {Wiz Int+2} (You found it in a labyrinth)
 19024 | Lab      | Got an ichor-stained scale mail
 19035 | Lab      | Identified the cursed +0 scale mail of the Jabberwock {Int+2} (You found it in a labyrinth)
 19420 | Lair:6   | Reached skill level 5 in Evocations
 19441 | Lair:6   | Found a staircase to the Swamp.
 20008 | Lair:7   | Found a staircase to the Slime Pits.
 20256 | Lair:7   | Got a fine iron ring
 20258 | Lair:7   | Identified the ring of Eternity {+Fly rPois Str+5 Dex+3} (You found it on level 7 of the Lair of Beasts)
 20618 | Lair:8   | Entered Level 8 of the Lair of Beasts
 20661 | Lair:8   | Received a gift from Trog
 21650 | D:12     | Found a portal to a secret trove of treasure.
 22080 | D:12     | Reached XP level 15. HP: 88/88 MP: 21/21
 22411 | D:13     | Noticed Azrael
 22467 | D:13     | Killed Azrael
 22800 | D:9      | Received a gift from Trog
 22825 | D:9      | Bought a +2 ring mail of cold resistance for 273 gold pieces
 23728 | D:14     | Noticed Rupert
 23743 | D:14     | Killed Rupert
 23775 | D:14     | Noticed Maud
 23787 | D:14     | Killed Maud
 24155 | D:14     | Got a coiled marble ring
 24202 | D:14     | Identified the ring "Ewokk" {+Fly rF++ Dex-2 Slay+3} (You found it on level 14 of the Dungeon)
 24313 | D:14     | Found a gate to the Vaults.
 24379 | D:14     | Reached skill level 15 in Fighting
 24551 | D:14     | Received a gift from Trog
 24796 | D:14     | Noticed Roxanne
 24807 | D:15     | Entered Level 15 of the Dungeon
 25106 | D:15     | Reached XP level 16. HP: 82/95 MP: 24/24
 25660 | D:15     | Found a staircase to the Depths.
 25672 | D:15     | Reached skill level 10 in Evocations
 25868 | D:14     | Received a gift from Trog
 26132 | Swamp:1  | Entered Level 1 of the Swamp
 26250 | Swamp:1  | Got a polished hand crossbow
 26287 | Swamp:1  | Identified the cursed +1 hand crossbow of the Thirteen Curses {elec, rPois MP+9 Str-3 Int+4} (You found it on level 1 of the Swamp)
 26988 | Swamp:2  | Noticed ololoev's ghost (journeyman DsFi)
 27099 | Swamp:2  | Killed ololoev's ghost
 27386 | Swamp:2  | You fall through a shaft!
 27945 | Swamp:3  | Got an encrusted scale mail
 27956 | Swamp:3  | Identified the cursed +0 scale mail of Cyuraugu {rPois Int+4 Dex+2} (You found it on level 3 of the Swamp)
 28034 | Swamp:3  | Received a gift from Trog
 28338 | Swamp:4  | Entered Level 4 of the Swamp
 28927 | Swamp:4  | Reached XP level 17. HP: 80/100 MP: 26/26
 29248 | Swamp:4  | Got a decaying rune of Zot
 29311 | Swamp:4  | Reached skill level 16 in Fighting
 29605 | Snake:1  | Entered Level 1 of the Snake Pit
 29671 | Snake:1  | Received a gift from Trog
 29693 | Snake:1  | HP: 7/150 [anaconda (2)]
 29699 | Snake:1  | HP: 5/100 [anaconda (1)]
 29700 | Snake:1  | HP: 2/100 [anaconda (3)]
 30365 | Snake:2  | Noticed Vashnia
 30486 | Snake:2  | Killed Vashnia
 30780 | Snake:2  | Noticed Goblin1989's ghost (adept SpBe)
 30840 | Snake:2  | Killed Goblin1989's ghost
 31259 | Snake:3  | Noticed Saint Roka
 31352 | Snake:3  | Killed Saint Roka
 31352 | Snake:3  | Reached skill level 10 in Stealth
 31352 | Snake:3  | Reached XP level 18. HP: 50/107 MP: 28/28
 31694 | Snake:3  | Received a gift from Trog
 31760 | Snake:3  | Reached skill level 17 in Fighting
 32115 | Snake:4  | Entered Level 4 of the Snake Pit
 32656 | Snake:4  | Received a gift from Trog
 33501 | Snake:4  | Received a gift from Trog
 33914 | Vaults:1 | Entered Level 1 of the Vaults
 33960 | Vaults:1 | Reached XP level 19. HP: 110/114 MP: 29/29
 34026 | Vaults:1 | Reached skill level 18 in Fighting
 34396 | Vaults:1 | Got an iridescent rapier
 34397 | Vaults:1 | Identified the cursed +0 rapier "Jiamujon" {flame, +Inv rPois rF+} (You found it on level 1 of the Vaults)
 34750 | Vaults:1 | Noticed Norris
 34765 | Vaults:1 | Killed Norris
 34765 | Vaults:1 | Reached skill level 15 in Dodging
 34811 | Vaults:1 | Noticed Donald
 34811 | Vaults:1 | Noticed Asterion
 34830 | Vaults:1 | Killed Asterion
 34848 | Vaults:1 | Killed Donald
 35020 | Vaults:1 | Reached skill level 5 in Shields
 35049 | Vaults:1 | Received a gift from Trog
 35931 | Vaults:2 | Received a gift from Trog
 36131 | Vaults:2 | Found a gateway to a bazaar.
 36140 | Bazaar   | Entered a bazaar
 36154 | Bazaar   | Found Befoz's Antique Weapon Shoppe.
 36169 | Bazaar   | Found Teklous's Book Emporium.
 36184 | Bazaar   | Found Gafrez's Book Shoppe.
 36199 | Bazaar   | Found Nupsor's General Store.
 36199 | Bazaar   | Found Zeichina's General Store.
 36203 | Bazaar   | Bought a scroll of identify for 20 gold pieces
 36551 | Vaults:2 | Noticed Wiglaf
 36592 | Vaults:2 | Killed Wiglaf
 36650 | Vaults:2 | Found a staircase to the Crypt.
 36659 | Vaults:2 | Reached XP level 20. HP: 112/120 MP: 30/30
 36710 | Vaults:2 | Received a gift from Trog
 36716 | Vaults:2 | Got a slimy rapier {god gift}
 36717 | Vaults:2 | Identified the +6 rapier "Qodaphin" {freeze, rPois Str+4} (Trog gifted it to you on level 2 of the Vaults)
 36994 | Vaults:2 | Reached skill level 10 in Shields
 37577 | Vaults:3 | Got a faintly humming scale mail
 37588 | Vaults:3 | Identified the +3 scale mail "Yforgh" {Int+6} (You found it on level 3 of the Vaults)
 38159 | Vaults:3 | Received a gift from Trog
 38344 | Vaults:3 | Found a shimmering altar of Xom.
 39073 | Vaults:4 | Received a gift from Trog
 39537 | Vaults:4 | Reached XP level 21. HP: 106/124 MP: 31/31
 40100 | Vaults:2 | Received a gift from Trog
 40395 | Elf:1    | Entered Level 1 of the Elven Halls
 40922 | Elf:1    | Noticed Frances
 40935 | Elf:1    | Killed Frances
 41274 | Elf:1    | Received a gift from Trog
 41428 | Elf:2    | Reached skill level 15 in Shields
 41430 | Elf:2    | Found a magical portal.
 41459 | WizLab   | Entered Lehudib's Moon Base
 41691 | WizLab   | Gained mutation: You can translocate small distances at will. [potion of beneficial mutation]
 41973 | WizLab   | Paralysed by accursed screaming for 1 turns
 42513 | WizLab   | Got a coiled zirconium amulet
 42538 | WizLab   | Identified the amulet "Qoecunai" {Inacc rPois rN+ Dex+4} (You found it in a wizard's laboratory)
 42632 | Elf:2    | Received a gift from Trog
 42977 | Elf:2    | Found a runed gate.
 42977 | Elf:2    | Found a runed gate.
 42978 | Elf:2    | Reached XP level 22. HP: 129/129 MP: 32/32
 42980 | Elf:2    | Found a runed gate.
 43011 | Elf:3    | Entered Level 3 of the Elven Halls
 43263 | Elf:3    | Found a radiant altar of Vehumet.
 43620 | Elf:3    | Received a gift from Trog
 44393 | Elf:3    | Received a gift from Trog
 44612 | Elf:3    | Got an ancient scimitar {drain}
 44641 | Elf:3    | Got a scintillating wooden ring
 44645 | Elf:3    | Got a jewelled hunting sling
 44653 | Elf:3    | Identified Jomadoac's Almanac of Feathery Self-Improvement
 44658 | Elf:3    | Reached skill level 19 in Fighting
 44661 | Elf:3    | Identified the Papyrus of Shape Shifting
 44682 | Elf:3    | Identified Dotrurups's Volume of Unholy Augmentations
 44708 | Elf:3    | Got a shimmering spear
 44719 | Elf:3    | Identified the cursed ring "Nitwopok" {Int-3 Dex+3} (You took it off a deep elf death mage on level 3 of the Elven Halls)
 44728 | Elf:3    | Identified Lehudib's Compendium of Scorching Attacks
 44733 | Elf:3    | Got a bone blowgun {@w1}
 44734 | Elf:3    | Identified the +5 blowgun "Kedamoti" {speed, MR- Int+3 Dex+2, @w1} (You found it on level 3 of the Elven Halls)
 44745 | Elf:3    | Identified the Guide on the Entourage
 44761 | Elf:3    | Got a warped dagger
 44762 | Elf:3    | Identified the +3 dagger "Yraaqoem" {freeze, +Rage rF+} (You found it on level 3 of the Elven Halls)
 45453 | Snake:4  | Received a gift from Trog
 45821 | Snake:4  | Got a serpentine rune of Zot
 46292 | Depths:1 | Entered Level 1 of the Depths
 46323 | Depths:1 | Found a one-way gate to the infinite horrors of the Abyss.
 46365 | Depths:1 | Found a shimmering altar of Xom.
 46688 | Depths:1 | Found a gateway to Hell.
 46688 | Depths:1 | Noticed Margery
 46733 | Depths:1 | Killed Margery
 46733 | Depths:1 | Reached XP level 23. HP: 127/135 MP: 33/33
 46780 | Depths:1 | Received a gift from Trog
 47117 | Depths:1 | Found a one-way gate leading to the halls of Pandemonium.
 47124 | Depths:1 | Noticed Jorgrun
 47145 | Depths:1 | Killed Jorgrun
 47806 | Depths:2 | Got a transparent turquoise ring
 47812 | Depths:2 | Identified the ring "Gasint" {rPois rF+ rN+} (You took it off a rakshasa on level 2 of the Depths)
 47837 | Depths:2 | Noticed Aizul
 47850 | Depths:2 | Killed Aizul
 47869 | Depths:2 | Received a gift from Trog
 48107 | Depths:2 | Reached skill level 20 in Fighting
 48411 | Depths:2 | Noticed a greater mummy
 48464 | Depths:2 | Killed a greater mummy
 48510 | Depths:2 | Got a jewelled ring mail
 48628 | Depths:3 | Identified the +2 ring mail of Honesty {+Blink rElec rCorr Int-4} (You took it off a tengu warrior on level 2 of the Depths)
 49538 | Depths:3 | Received a gift from Trog
 49801 | Depths:3 | Identified the Incunabulum of the Traveller (You found it on level 3 of the Depths)
 50061 | Depths:4 | Reached XP level 24. HP: 141/143 MP: 34/34
 50101 | Depths:4 | Found a gateway to a ziggurat.
 50119 | Zig:1    | Entered Level 1 of a ziggurat
 50144 | Zig:2    | Entered Level 2 of a ziggurat
 50176 | Zig:3    | Entered Level 3 of a ziggurat
 50208 | Zig:4    | Entered Level 4 of a ziggurat
 50299 | Zig:5    | Entered Level 5 of a ziggurat
 50383 | Zig:5    | Reached XP level 25. HP: 133/148 MP: 34/34
 50386 | Zig:6    | Entered Level 6 of a ziggurat
 50462 | Zig:6    | Identified Iskenderun's Handbook of Aerial Conjuration (You found it on level 6 of a ziggurat)
 50468 | Zig:7    | Entered Level 7 of a ziggurat
 50476 | Zig:7    | Noticed a juggernaut
 50489 | Zig:7    | Noticed a juggernaut
 50496 | Zig:7    | Got a slimy ivory ring
 50507 | Depths:4 | Identified the ring "Bimod" {rPois rF++ rN+ MR+ Str-3} (You found it on level 7 of a ziggurat)
 51319 | Depths:4 | Received a gift from Trog
 51429 | Depths:4 | Found a roughly hewn altar of Beogh.
 51776 | Depths:5 | Entered Level 5 of the Depths
 51829 | Depths:5 | Reached skill level 21 in Fighting
 52300 | Depths:5 | Received a gift from Trog
 52477 | Depths:5 | Got a faintly humming leather armour
 52572 | Depths:5 | Identified the cursed +1 leather armour of Fashionability {rCorr Int+7} (You found it on level 5 of the Depths)
 52679 | Depths:5 | Found a gate to the Realm of Zot.
 52757 | Depths:5 | Reached XP level 26. HP: 80/155 MP: 26/35
 53720 | Temple   | Entered the Ecumenical Temple
 54112 | D:4      | Fell from the grace of Trog
 54112 | D:4      | Became a worshipper of Dithmenos the Shadowed
 54644 | Crypt:1  | Entered Level 1 of the Crypt
 54699 | Crypt:1  | Noticed Jory
 54716 | Crypt:1  | Killed Jory
 55066 | Crypt:1  | Reached * piety under Dithmenos
 56224 | Crypt:3  | Entered Level 3 of the Crypt
 56249 | Crypt:3  | Reached ** piety under Dithmenos
 56383 | Crypt:3  | Found a basalt altar of Yredelemnul.
 56513 | Crypt:3  | Reached *** piety under Dithmenos
 56624 | Crypt:3  | Reached skill level 22 in Fighting
 57360 | Crypt:3  | Reached **** piety under Dithmenos
 57480 | Crypt:3  | Got a twitching granite ring
 57507 | Crypt:3  | Identified the Compendium of Black Rites
 57510 | Crypt:3  | Got a dazzling blowgun {@w1}
 57511 | Crypt:3  | Identified the cursed +1 blowgun of Trauma {speed, rElec rPois MR+ Stlth-, @w1} (You found it on level 3 of the Crypt)
 57513 | Crypt:3  | Identified the ring "Ninikogg" {rF+ rN+ Str+3} (You took it off a vampire knight on level 3 of the Crypt)
 57568 | Crypt:3  | Learned a level 1 spell: Apportation
 57573 | Crypt:3  | Learned a level 4 spell: Passage of Golubria
 57791 | Crypt:3  | Got a transparent leather armour
 57792 | Crypt:3  | Identified the +3 leather armour "Riesk" {rElec MP+9 Str+3 Dex+3} (You found it on level 3 of the Crypt)
 57845 | Crypt:3  | Found a staircase to the Tomb.
 57857 | Crypt:3  | Got an ancient marble ring
 57857 | Crypt:3  | Got a scorched glass ring
 57931 | Crypt:3  | Got a distressingly furry leather armour
 57932 | Crypt:3  | Identified the ring of Ulued {rPois rN+} (You found it on level 3 of the Crypt)
 57933 | Crypt:3  | Identified the ring of Caawk {rC+ rN+} (You found it on level 3 of the Crypt)
 57954 | Crypt:3  | Identified the +4 leather armour of Imperfection {*Drain rF+++ Str+4 Dex-5} (You found it on level 3 of the Crypt)
 57966 | Crypt:3  | Got a scorched iron amulet
 57967 | Crypt:3  | Identified the amulet of Ethics {Ward rN+ Stlth+} (You found it on level 3 of the Crypt)
 58197 | Vaults:2 | Reached skill level 10 in Armour
 58387 | Vaults:5 | Entered Level 5 of the Vaults
 58458 | Vaults:5 | Reached XP level 27. HP: 158/161 MP: 35/35
 58552 | Vaults:5 | Noticed an ancient lich
 58582 | Vaults:5 | Reached ***** piety under Dithmenos
 58602 | Vaults:5 | Killed an ancient lich
 59027 | Vaults:5 | Noticed an ancient lich
 59620 | Vaults:5 | Noticed an ancient lich
 59637 | Vaults:5 | Killed an ancient lich
 59704 | Vaults:5 | Reached skill level 23 in Fighting
 59759 | Vaults:5 | Killed an ancient lich
 59807 | Vaults:5 | Reached skill level 15 in Stealth
 59933 | Vaults:5 | Noticed an ancient lich
 60121 | Vaults:5 | Got a silver rune of Zot
 61349 | Zot:1    | Entered Level 1 of the Realm of Zot
 61482 | Zot:1    | Reached ****** piety under Dithmenos
 62068 | Zot:2    | Reached skill level 1 in Invocations
 62112 | Zot:2    | Gained mutation: You have supernaturally acute eyesight. [potion of beneficial mutation]
 63008 | Zot:3    | Reached skill level 1 in Spellcasting
 63012 | Zot:3    | Reached skill level 1 in Translocations
 63035 | Zot:3    | Reached skill level 5 in Invocations
 63091 | Zot:3    | Cast into the Abyss (a Zot trap)
 63233 | Zot:3    | Escaped the Abyss
 63384 | Zot:3    | Identified Sif Muna's Handbook of Bewitchment
 64637 | D:12     | You paid a toll of a +3 storm dragon armour to enter a treasure trove
 64638 | Trove    | Entered a treasure trove
 64662 | Trove    | Got a slimy lead ring
 64664 | Trove    | Got a flickering wooden ring
 64693 | D:12     | Identified the ring "Riytaxzo" {rPois MR- Dex+2 Stlth+} (You found it in a treasure trove)
 64694 | D:12     | Identified the ring "Nodd" {Int+5 Slay+5} (You found it in a treasure trove)
 65745 | Zot:4    | Reached skill level 5 in Translocations
 65794 | Zot:5    | Entered Level 5 of the Realm of Zot
 66057 | Zot:5    | Reached skill level 5 in Spellcasting
 66065 | Zot:5    | Got a jewelled shield
 66076 | Zot:5    | Identified the +1 shield "Hebutzoo" {MR++} (You found it on level 5 of the Realm of Zot)
 66138 | Zot:5    | Was forgiven by Trog
 66968 | Lair:1   | Learned a level 3 spell: Regeneration
 67283 | Elf:3    | Learned a level 5 spell: Phase Shift
 67290 | Elf:3    | Learned a level 2 spell: Shroud of Golubria
 67294 | Elf:3    | Learned a level 3 spell: Spectral Weapon
 67313 | Elf:3    | Learned a level 3 spell: Passwall
 67581 | D:9      | Bought a book of Enchantments for 700 gold pieces
 67588 | D:9      | Learned a level 6 spell: Haste
 67820 | Depths:1 | Voluntarily entered the Abyss.
 67861 | Abyss:3  | Found a shadowy altar of Dithmenos.
 67861 | Abyss:3  | Found a corrupted altar of Lugonu.
 67928 | Abyss:3  | Got an abyssal rune of Zot
 68019 | Abyss:3  | Reached skill level 1 in Necromancy
 68041 | Abyss:3  | Reached skill level 1 in Charms
 68634 | Depths:1 | Escaped the Abyss
 69090 | Slime:1  | Entered Level 1 of the Pits of Slime
 69188 | Slime:2  | Noticed Dissolution
 69191 | Slime:2  | Killed Dissolution
 69548 | Slime:6  | Entered Level 6 of the Pits of Slime
 69566 | Slime:6  | Reached skill level 5 in Charms
 69683 | Slime:6  | Reached skill level 5 in Necromancy
 69837 | Slime:6  | Noticed the royal jelly
 69839 | Slime:6  | Found a viscous altar of Jiyva.
 70232 | Slime:6  | Killed the royal jelly
 70368 | Slime:6  | Got a fine leather armour
 70442 | Slime:6  | Got a slimy rune of Zot
 70537 | Slime:6  | Got a crystal great sword
 70546 | Slime:6  | Got a translucent short sword
 70547 | Slime:6  | Identified the +3 short sword "Nosetuos" {drain, *Contam *Confuse +Blink rF+++} (You found it on level 6 of the Pits of Slime)
 70559 | Slime:6  | Reached skill level 10 in Invocations
 71155 | Pan      | Entered Pandemonium
 71257 | Pan      | Noticed Resaqecuwk the pandemonium lord
 71412 | Pan      | Found an exit through the horrors of the Abyss.
 71692 | Pan      | Got a jewelled hand crossbow
 71714 | Pan      | Noticed Mennas
 71776 | Pan      | Killed Mennas
 71800 | Pan      | Entered the realm of Cerebov.
 71850 | Pan      | Found an exit through the horrors of the Abyss.
 72060 | Pan      | Reached skill level 1 in Transmutations
 72065 | Pan      | Reached skill level 1 in Earth Magic
 72104 | Pan      | Got a dazzling longbow
 72627 | Pan      | Got a coiled glass ring
 73057 | Pan      | Noticed Cerebov
 73125 | Pan      | Got a fiery rune of Zot
 73244 | Pan      | Found a runed door.
 73262 | Pan      | Found a runed door.
 73449 | Pan      | Found an exit through the horrors of the Abyss.
 73609 | Pan      | Noticed Hacanyts the pandemonium lord
 73730 | Pan      | Killed Hacanyts the pandemonium lord
 73822 | Pan      | Identified the ring of Feemoez {rElec rF+ Dex+4} (You took it off a balrug in Pandemonium)
 73850 | Pan      | Entered the realm of Lom Lobon.
 73850 | Pan      | Noticed Lom Lobon
 73854 | Pan      | Got a magical rune of Zot
 73862 | Pan      | Found an exit through the horrors of the Abyss.
 74007 | Pan      | Found a glowing golden altar of the Shining One.
 74007 | Pan      | Noticed a seraph
 74430 | Pan      | Got a bloodstained buckler
 74801 | Pan      | Found a glowing silver altar of Zin.
 75294 | Pan      | Killed a seraph
 75303 | Pan      | Reached skill level 10 in Translocations
 75357 | Pan      | Got a demonic rune of Zot
 75367 | Pan      | Identified the +3 buckler of Ru's Castigation {rElec MP-9 Slay+2} (You took it off a cherub in Pandemonium)
 75370 | Pan      | Got a spiked plate armour
 75371 | Pan      | Identified the +3 plate armour of Dogma {Stlth+} (You found it in Pandemonium)
 75375 | Pan      | Got an encrusted falchion
 75377 | Pan      | Identified the +3 falchion of the Old World {freeze, *Confuse +Rage rC+ Dex+6} (You found it in Pandemonium)
 75923 | Pan      | Reached skill level 5 in Earth Magic
 75965 | Pan      | Noticed Cerebov
 76003 | Pan      | Paralysed by the power of Zot for 4 turns
 76010 | Pan      | HP: 4/165 [balrug/divine providence (9)]
 76215 | Pan      | Noticed Lom Lobon
 76272 | Pan      | Found an exit through the horrors of the Abyss.
 76350 | Pan      | Reached skill level 5 in Transmutations
 76639 | Pan      | Noticed Obliwkio the pandemonium lord
 76843 | Pan      | Killed Obliwkio the pandemonium lord
 77088 | Pan      | Found an exit through the horrors of the Abyss.
 77125 | Pan      | Took an exit into the Abyss.
 77125 | Abyss:1  | Escaped into the Abyss
 77144 | Depths:1 | Escaped the Abyss
 77471 | Elf:1    | Reached skill level 15 in Armour
 77681 | Elf:3    | Learned a level 5 spell: Aura of Abjuration
 78191 | Pan      | Entered Pandemonium
 78385 | Pan      | Reached skill level 1 in Summonings
 78404 | Pan      | Noticed Tail the pandemonium lord
 78436 | Pan      | Killed Tail the pandemonium lord
 78747 | Pan      | Found an exit through the horrors of the Abyss.
 79686 | Pan      | Found a gateway to a ziggurat.
 79757 | Zig:1    | Entered Level 1 of a ziggurat
 79776 | Zig:2    | Entered Level 2 of a ziggurat
 79805 | Zig:3    | Entered Level 3 of a ziggurat
 79815 | Zig:3    | Reached skill level 5 in Summonings
 79830 | Zig:4    | Entered Level 4 of a ziggurat
 79867 | Zig:4    | Got a fine rapier
 79870 | Zig:5    | Entered Level 5 of a ziggurat
 79913 | Zig:5    | Got a scintillating copper ring
 79932 | Zig:5    | Identified the ring of the Mantidfly {+Inv rElec rPois rN++ MP-9} (You found it on level 5 of a ziggurat)
 79936 | Zig:6    | Entered Level 6 of a ziggurat
 80043 | Zig:7    | Entered Level 7 of a ziggurat
 80081 | Zig:7    | Got a twitching granite ring
 80236 | Pan      | Identified the ring of the Villain {Wiz *Corrode rElec rPois Str+4} (You found it on level 7 of a ziggurat)
 80239 | Pan      | Identified the cursed +0 rapier "Killer Klown's Curse" {venom, rF+} (You found it on level 4 of a ziggurat)
 80358 | Pan      | Noticed Meitofua the pandemonium lord
 80399 | Pan      | Killed Meitofua the pandemonium lord
 80623 | Pan      | Found an exit through the horrors of the Abyss.
 80799 | Pan      | Found an exit through the horrors of the Abyss.
 80901 | Pan      | Noticed Lom Lobon
 81157 | Pan      | Learned a level 2 spell: Song of Slaying
 81164 | Pan      | Found an exit through the horrors of the Abyss.
 81522 | Pan      | Entered the realm of Gloorx Vloq.
 81861 | Pan      | Found an exit through the horrors of the Abyss.
 82267 | Pan      | Got a transparent long sword
 82321 | Pan      | Noticed Gloorx Vloq
 82343 | Pan      | Got a dark rune of Zot
 82580 | Pan      | Found an exit through the horrors of the Abyss.
 82826 | Pan      | Noticed Gloorx Vloq
 83013 | Pan      | Found an exit through the horrors of the Abyss.
 83461 | Pan      | Noticed Bezof the pandemonium lord
 83495 | Pan      | Killed Bezof the pandemonium lord
 83901 | Pan      | Took an exit into the Abyss.
 83901 | Abyss:1  | Escaped into the Abyss
 83985 | Depths:1 | Escaped the Abyss
 84504 | Pan      | Entered Pandemonium
 84521 | Pan      | Found an exit through the horrors of the Abyss.
 84626 | Pan      | Noticed Cerebov
 84668 | Pan      | Found a runed door.
 84827 | Pan      | Learned a level 2 spell: Stoneskin
 84998 | Pan      | Noticed Gloorx Vloq
 85005 | Pan      | Found an exit through the horrors of the Abyss.
 85113 | Pan      | Found a gateway to a ziggurat.
 85133 | Pan      | Paralysed by a giant eyeball for 4 turns
 85164 | Zig:1    | Entered Level 1 of a ziggurat
 85195 | Zig:2    | Entered Level 2 of a ziggurat
 85234 | Zig:3    | Entered Level 3 of a ziggurat
 85274 | Zig:4    | Entered Level 4 of a ziggurat
 85312 | Zig:4    | Identified Teaclus's Grimoire of Darkness (You found it on level 4 of a ziggurat)
 85317 | Zig:5    | Entered Level 5 of a ziggurat
 85379 | Zig:6    | Entered Level 6 of a ziggurat
 85482 | Zig:6    | Identified the Papyrus of Ashen Transformation
 85486 | Zig:6    | Got a sapphire battleaxe
 85490 | Zig:6    | Identified Sif Muna's Collected Works on the Assistive Glacier
 85493 | Zig:6    | Got a sparkling granite ring
 85494 | Zig:6    | Identified the ring of the Ancients {rPois rF- Dex+5} (You found it on level 6 of a ziggurat)
 85500 | Zig:6    | Identified the Disquisition on Stones and Transmutation
 85504 | Zig:7    | Entered Level 7 of a ziggurat
 85612 | Zig:7    | Learned a level 1 spell: Summon Butterflies
 85630 | Zig:8    | Entered Level 8 of a ziggurat
 85737 | Zig:8    | Identified Tukuacve's Reference Book on Lethal Unholy Rites
 85746 | Zig:9    | Entered Level 9 of a ziggurat
 85771 | Zig:9    | Got a twitching zirconium amulet
 85832 | Pan      | Killed Gloorx Vloq
 85843 | Pan      | Noticed Atupnicu the pandemonium lord
 85847 | Depths:1 | Escaped Pandemonium
 85932 | Depths:1 | Identified the amulet "Yrutupoc" {rCorr Int+2 Dex+4} (You found it on level 9 of a ziggurat)
 86476 | Zot:5    | Noticed an ancient lich
 86531 | Zot:5    | Killed an ancient lich
 86598 | Zot:5    | Noticed an orb of fire
 86643 | Zot:5    | Killed an orb of fire
 86648 | Zot:5    | Noticed an ancient lich
 86650 | Zot:5    | Noticed an ancient lich
 86666 | Zot:5    | Killed an ancient lich
 86693 | Zot:5    | Killed an ancient lich
 86849 | Zot:5    | Noticed an orb of fire
 86885 | Zot:5    | Noticed an ancient lich
 86893 | Zot:5    | Killed an orb of fire
 86921 | Zot:5    | Reached skill level 24 in Shields
 86937 | Zot:5    | Killed an ancient lich
 86948 | Zot:5    | Noticed an ancient lich
 86988 | Zot:5    | Killed an ancient lich
 87034 | Zot:5    | Noticed an ancient lich
 87041 | Zot:5    | Killed an ancient lich
 87434 | Pan      | Entered Pandemonium
 87579 | Pan      | Noticed Cerebov
 87621 | Depths:5 | Escaped Pandemonium
 87623 | Pan      | Entered Pandemonium
 87737 | Pan      | Entered the realm of Mnoleg.
 87812 | Pan      | Reached skill level 25 in Shields
 87837 | Pan      | Found an exit through the horrors of the Abyss.
 88245 | Pan      | Noticed Mnoleg
 88282 | Pan      | Lost mutation: You have supernaturally acute eyesight. [a neqoxec]
 88322 | Pan      | Lost intelligence.
 88392 | Pan      | Got a glowing rune of Zot
 88422 | Pan      | Lost intelligence.
 88477 | Pan      | Found an exit through the horrors of the Abyss.
 88477 | Pan      | Noticed Ignacio
 88487 | Pan      | Noticed Maipol the pandemonium lord
 88488 | Pan      | Killed Maipol the pandemonium lord
 88505 | Pan      | Noticed Mnoleg
 88588 | Pan      | Found an exit through the horrors of the Abyss.
 88722 | Pan      | Took an exit into the Abyss.
 88722 | Abyss:1  | Escaped into the Abyss
 88758 | Depths:5 | Escaped the Abyss
 88839 | Hell     | Entered the Vestibule of Hell
 88839 | Hell     | Noticed Geryon
 88901 | Hell     | Noticed Murray
 89152 | Depths:5 | Killed Murray
 89380 | Hell     | Killed Geryon
 89435 | Hell     | Found a gateway to the decaying netherworld of Tartarus.
 89492 | Hell     | Reached skill level 10 in Spellcasting
 89627 | Hell     | Found a gateway to the ashen valley of Gehenna.
 89670 | Hell     | Found a gateway to the Iron City of Dis.
 89729 | Hell     | Found a gateway to the freezing wastes of Cocytus.
 90349 | Geh:1    | Entered Level 1 of Gehenna
 91144 | Geh:4    | Reached skill level 10 in Summonings
 91934 | Geh:7    | Entered Level 7 of Gehenna
 92229 | Geh:7    | Gained mutation: You are clumsy. (Dex -2) [mutagenic glow]
 92695 | Geh:7    | Got a smoking brass ring
 92696 | Geh:7    | Identified the ring of Naciel {Wiz rC- Dex+5} (You found it on level 7 of Gehenna)
 92731 | Geh:7    | Noticed Asmodeus
 92739 | Geh:7    | Got an obsidian rune of Zot
 92854 | Dis:1    | Entered Level 1 of the Iron City of Dis
 93463 | Dis:1    | Reached skill level 10 in Charms
 93599 | Dis:1    | You are sucked into a shaft!
 94041 | Dis:4    | You are sucked into a shaft for 2 floors!
 94240 | Dis:7    | Entered Level 7 of the Iron City of Dis
 94342 | Dis:7    | HP: 4/165 [Hell Sentinel/blast of hellfire (24)]
 95159 | Dis:7    | Noticed Dispater
 95175 | Dis:7    | Got an iron rune of Zot
 95177 | Dis:7    | Identified the Collected Works on Translocation
 95179 | Dis:7    | Got a fine glass ring
 95218 | Hell     | Identified the ring "Ypteddymuu" {SustAt Int+2 Dex+2} (You found it on level 7 of the Iron City of Dis)
 95291 | Tar:1    | Entered Level 1 of Tartarus
 96499 | Tar:7    | Entered Level 7 of Tartarus
 96617 | Tar:7    | Noticed the Serpent of Hell
 96633 | Tar:7    | Killed the Serpent of Hell
 96717 | Tar:7    | Noticed Ereshkigal
 96730 | Tar:7    | Got a bone rune of Zot
 96824 | Coc:1    | Entered Level 1 of Cocytus
 97432 | Coc:7    | Entered Level 7 of Cocytus
 97737 | Coc:7    | Noticed Antaeus
 97752 | Coc:7    | Got an icy rune of Zot
 97755 | Coc:7    | Got a brightly glowing dagger
 97896 | Hell     | Identified the +4 dagger "Buzxim" {pain, rC+ Int-4 Dex-2 Stlth+} (You found it on level 7 of Cocytus)
 98512 | Tomb:1   | Entered Level 1 of the Tomb of the Ancients
 98610 | Tomb:1   | Reached skill level 26 in Shields
100184 | Tomb:2   | Noticed Khufu
100418 | Tomb:1   | Killed Khufu
100752 | Tomb:1   | Reached skill level 27 in Shields
102158 | Tomb:3   | Entered Level 3 of the Tomb of the Ancients
102490 | Tomb:3   | Noticed an ancient lich
103568 | Tomb:2   | Killed an ancient lich
103938 | Tomb:3   | Identified Waexeisair's Disquisition on Lightness and Transmigration (You found it on level 3 of the Tomb of the Ancients)
103947 | Tomb:3   | Got a pitted battleaxe
103950 | Tomb:3   | Got a heavily runed granite ring
103951 | Tomb:3   | Identified the ring "Neal" {EV+3 Str+6} (You found it on level 3 of the Tomb of the Ancients)
103962 | Tomb:3   | Got a pitted rapier
103963 | Tomb:3   | Identified the +8 rapier of Supply {pierce, *Noise rC++ Str+5} (You found it on level 3 of the Tomb of the Ancients)
103967 | Tomb:3   | Got a steaming morningstar
103970 | Tomb:3   | Got a warped amethyst amulet
103971 | Tomb:3   | Identified the amulet of Wonder {rCorr rN+} (You found it on level 3 of the Tomb of the Ancients)
103974 | Tomb:3   | Got a shimmering arbalest
103980 | Tomb:3   | Got a heavily runed gold dragon armour
103981 | Tomb:3   | Identified the cursed +0 gold dragon armour of Autotheism {-Cast rPois rF+ rC+ Dex+7 Stlth+} (You found it on level 3 of the Tomb of the Ancients)
103984 | Tomb:3   | Got a pearl-encrusted leather armour
103985 | Tomb:3   | Identified the +1 leather armour "Raukh" {rN++ Str-4 Int+3} (You found it on level 3 of the Tomb of the Ancients)
104066 | Tomb:3   | Got a transparent hand crossbow
104402 | Tomb:3   | Got a golden rune of Zot
104517 | Tomb:3   | Got a pitted hand axe
104522 | Tomb:3   | Got a pitted demon trident
105759 | Zot:5    | Got the Orb of Zot
105967 | Depths:4 | Got a faintly glowing quarterstaff
106463 | D:1      | Noticed Xanubiuf the pandemonium lord
106508 | D:$      | Escaped with the Orb!

Action                   |  1- 3 |  4- 6 |  7- 9 | 10-12 | 13-15 | 16-18 | 19-21 | 22-24 | 25-27 || total
-------------------------+-------+-------+-------+-------+-------+-------+-------+-------+-------++-------
Melee: Short sword       |   117 |   245 |   379 |    33 |    97 |       |       |       |       ||   871
       Quick blade       |       |       |    21 |   940 |  2034 |  1977 |  1933 |  1728 | 15690 || 24323
       Rapier            |       |       |       |       |    33 |       |       |       |       ||    33
Throw: Throwing net      |       |       |       |       |       |       |       |       |     1 ||     1
 Cast: Regeneration      |       |       |       |       |       |       |       |       |    65 ||    65
       Apportation       |       |       |       |       |       |       |       |       |    37 ||    37
       Aura of Abjuratio |       |       |       |       |       |       |       |       |    30 ||    30
       Passwall          |       |       |       |       |       |       |       |       |     4 ||     4
       Shroud of Golubri |       |       |       |       |       |       |       |       |     3 ||     3
       Phase Shift       |       |       |       |       |       |       |       |       |     2 ||     2
       Stoneskin         |       |       |       |       |       |       |       |       |     1 ||     1
       Passage of Golubr |       |       |       |       |       |       |       |       |     1 ||     1
Invok: Trog's Hand       |       |     1 |     2 |     4 |     5 |     1 |     1 |     1 |       ||    15
       Brothers in Arms  |       |       |     2 |     2 |     4 |     5 |     2 |     3 |     3 ||    21
       Berserk           |       |       |       |     3 |     1 |     3 |     2 |       |       ||     9
       Burn Spellbooks   |       |       |       |       |     2 |       |     2 |       |       ||     4
       Shadow Step       |       |       |       |       |       |       |       |       |    14 ||    14
       Shadow Form       |       |       |       |       |       |       |       |       |     6 ||     6
 Abil: Evoke Invisibilit |       |       |       |       |     3 |     1 |     6 |     1 |     4 ||    15
       Evoke Flight      |       |       |       |       |     2 |     1 |       |       |     2 ||     5
       Blink             |       |       |       |       |       |       |       |       |     2 ||     2
       Stop Flying       |       |       |       |       |       |       |       |       |     1 ||     1
Evoke: Wand              |       |       |       |     1 |       |     7 |       |     3 |    19 ||    30
       Fan of gales      |       |       |       |       |       |     1 |       |       |       ||     1
       Box of beasts     |       |       |       |       |       |       |       |       |     2 ||     2
  Use: Scroll            |       |    10 |     9 |     8 |    12 |    19 |     5 |     7 |   111 ||   181
       Potion            |       |     1 |       |     1 |     1 |       |     2 |     1 |    14 ||    20
 Stab: Sleeping          |       |     7 |    11 |    14 |    32 |    24 |    60 |    28 |   295 ||   471
       Distracted        |       |       |     1 |     1 |     2 |     7 |     3 |     8 |   144 ||   166
       Invisible         |       |       |       |       |    26 |     4 |    41 |     3 |    34 ||   108
       Confused          |       |       |       |       |       |       |       |       |     1 ||     1
  Eat: Chunk             |       |     6 |    14 |    23 |    57 |    31 |    40 |    17 |    29 ||   217
       Royal jelly       |       |       |     1 |       |       |       |       |       |     6 ||     7
       Bread ration      |       |       |     1 |       |       |       |       |       |    28 ||    29
       Fruit             |       |       |       |     2 |       |       |       |     3 |    23 ||    28
       Beef jerky        |       |       |       |     1 |       |       |       |       |    14 ||    15
       Pizza             |       |       |       |       |       |       |       |       |    17 ||    17
       Meat ration       |       |       |       |       |       |       |       |       |     1 ||     1

Vault maps used:
D:1:      dpeg_arrival_ternary
D:2:      lemuel_doored_altar
D:3:      ecumenical_altar_2, dk_noncrumbling_4, minmay_joined_circles
D:4:      gammafunk_temple_overflow_forgotten, first_bread
D:6:      lemuel_insect_pit, minitemple, basic_altar
D:7:      vehumet_statue, minmay_temple_entry_enclosed_plants, serial_shops,
          shop, nicolae_shop_trees
D:9:      orc_0_dummy, serial_shops, nicolae_shop_window_shopping,
          kennysheep_mini, nicolae_shop_overgrown_old_shop,
          kennysheep_little_box, the_bakery, uniq_joseph, uniq_prince_ribbit1
D:10:     lair_0_dummy, uniq_erolcha
D:11:     serial_shops, nicolae_shop_window_shopping, shop, shop, shop,
          nicolae_shop_competitors_out_of_business, uniq_psyche
D:12:     nicolae_trove_entry_diagonal, hangedman_cracks_in_the_wall
D:13:     uniq_azrael
D:14:     erik_vaults_2, hangedman_abyss_or_decor_clamps, ice2_lemuel,
          uniq_rupert, uniq_roxanne, uniq_maud
D:15:     grunt_enter_depths_magical_seal, minmay_misc_feat_ornament,
          minmay_stone_trees_medium, eino_tiny_chamber
Temple:   corrupted_temple
Lair:1:   special_room, lemuel_fruit_tree, uniq_sonja
Lair:3:   minmay_snake_entry_guardpost_medium, lightli_volcano_entry_magma_tube,
          serial_bayou_pond_b, uniq_nergalle, uniq_snorg
Lair:4:   worms_lemuel
Lair:5:   serial_bayou, serial_bayou_pond_e, serial_bayou_pond_c,
          serial_bayou_lagoon_b, serial_bayou_lagoon_a,
          cheibrodos_lair_caveside_slide, infiniplex_staircase_pool_2
Lair:6:   swamp_mist, lab_entry_generic
Lair:7:   nicolae_slime_entry_slimehenge
Lair:8:   evilmike_catoblepas_cave, fungi_pond_lemuel,
          grunt_forest_large_clearing_hut
Swamp:1:  hangedman_swamp_lotus, infiniplex_staircase_pool
Swamp:2:  evilmike_swamp_ruin_house_3
Swamp:3:  nicolae_swamp_round_clearing
Swamp:4:  swamp_vile, swamp_pool2, nicolae_swamp_alligator_family
Snake:1:  nicolae_snakescales, nicolae_coiled_stairwell_down
Snake:2:  uniq_vashnia
Snake:3:  spider_trap, uniq_saint_roka
Snake:4:  snake_pit_salamanders_mu, stair_cage_line, serial_bayou_shore_a
Slime:2:  dissolution_awaits
Slime:3:  cheibrodos_slime_lost_civilization_5
Slime:4:  cheibrodos_slime_lost_civilization_6
Orc:1:    basic_altar
Orc:3:    nicolae_orc_pool_cavern
Orc:4:    st_orc_ogre_mass, basic_altar, uniq_nessos
Elf:1:    eino_elf_arrival_the_gate, hangedman_elf_represent, uniq_frances
Elf:2:    mu_enter_wizlab_4, serial_co_window_serial, co_window_cross_1,
          co_window_corner_a, co_window_cross_1, co_window_corner_a,
          co_window_paths_a, glass_columns_b
Elf:3:    minmay_elf_hall_hex, basic_altar
Vaults:1: vaults_mumra_chevron, vaults_mumra_lcd, hangedman_vaults_impose,
          v_alt_pattern_4, nicolae_vaults_little_squares_3, v_misc_27,
          ontoclasm_vaults_hangar, ontoclasm_vaults_gallery,
          vaults_room_corners, v_misc_17, nicolae_vaults_border_crossing,
          nicolae_vaults_big_ls, vaults_mumra_minichess,
          vaults_room_grunt_arrival_ludios, uniq_donald, uniq_asterion,
          uniq_norris
Vaults:2: nicolae_vaults_an_arrangement, minmay_crypt_entry_simple_plaza,
          nicolae_vaults_asterisk, v_misc_5, hangedman_vaults_locks,
          vaults_standard_mumra_x, vaults_room_hallway, v_pattern_2,
          hangedman_vaults_cutoff, nicolae_vaults_mini_display_case,
          serial_shops, freezing_bzr, uniq_wiglaf
Vaults:3: v_misc_9, v_pattern_5, vaults_room_semicircle, v_misc_2,
          hangedman_vaults_nodes, nicolae_vaults_ninety_degrees,
          nicolae_vaults_little_squares_4, nicolae_vaults_little_squares_1,
          hangedman_vaults_stagger, nicolae_vaults_rhombus_5, v_alt_pattern_1,
          basic_altar
Vaults:4: vaults_room_large_hall, nicolae_vaults_big_angled_halls,
          nicolae_vaults_what_the_h, ontoclasm_vaults_twist, v_misc_30,
          nicolae_vaults_rhombus_7, v_misc_17, nicolae_vaults_twisting_passages,
          ontoclasm_vaults_fault, vaults_room_door_ring,
          nicolae_vaults_display_case, grunt_vaults_hallway_short
Vaults:5: serial_shops, uniq_margery
Crypt:1:  grunt_crypt_arrival_split, uniq_jory
Crypt:2:  minmay_misc_feat_rows, lemuel_nasty_fountain
Crypt:3:  grunt_crypt_end_deaths_head
Tomb:2:   uniq_mennas, uniq_khufu
Depths:1: minmay_misc_feat_nine_boxes, pan_entry, grunt_metal_band, abyss_entry,
          xom_teletrap_fun, uniq_jorgrun
Depths:2: lemuel_minitomb, pf_vacation_house_of_asmodeus,
          minmay_staircase_statues_hall_small, uniq_aizul
Depths:3: minmay_eyes, grunt_pan_entry_sceptre, hell_entry,
          infiniplex_staircase_diamond
Depths:4: orc_temple, enter_ziggurat_c, hell_entry, abyss_entry,
          roderic_lattice_octagonal_star, firewood_loft
Depths:5: grunt_zot_entry_bicorn, pf_coc_iceberg, rand_demon_pan_entry_9
Dis:1:    grunt_dis_stairs_iron_hall
Dis:4:    hangedman_player_shredder
Dis:6:    hangedman_iron_city_apartments, grunt_megastairs_1
Dis:7:    iron_city_of_dis
Geh:4:    grunt_bruiser_brothers, lemuel_flamethrower_2
Geh:7:    geh_old
Coc:1:    nicolae_coc_three_mouths, grunt_cocytus_stairs_refrigerator
Coc:4:    special_room
Coc:6:    serial_ice, serial_ice_d, serial_ice_h, serial_ice_e, serial_ice_f
Coc:7:    coc_mu
Tar:2:    nicolae_tar_cuneiform_heaven
Tar:3:    nicolae_tar_cuneiform_to_be
Tar:5:    nicolae_tar_cuneiform_to_be, grunt_megastairs_4
Tar:7:    tar_grunt_ereshkigal, tar_grunt_big_loot, tar_grunt_small_loot,
          tar_grunt_small_loot, tar_grunt_small_loot,
          tar_grunt_decor_cross_ortho, tar_grunt_decor_1,
          tar_grunt_decor_octagon_7, tar_grunt_decor_circle_5,
          nicolae_tar_cuneiform_three, nicolae_tar_cuneiform_not
Zot:3:    guppyfry_library_mini
Zot:4:    grunt_megastairs_2
Abyss:1:  guppyfry_abyss_exit_imp_island, minivault_24, bh_abyss_exit_choice,
          guppyfry_abyss_exit_spiral_guarded, evilmike_abyss_exit_14
Abyss:2:  minivault_11
Abyss:3:  grunt_abyss_rune_twisted_forest
Pan:      rand_demon_7, evilmike_mini_pan_3x3, evilmike_mini_pan_doors_b,
          rand_demon_2, uniq_mennas_pan, cerebov_grunt, rand_demon_7,
          rand_demon_1, pan_blood_fountain_small, rand_demon_7, lom_lobon,
          evilmike_holy_pan, evilmike_mini_pan_other_thingy, uniq_lom_lobon,
          uniq_cerebov, evilmike_mini_pan_branches, uniq_lom_lobon,
          nicolae_pan_gloorx_vloqian_1, evilmike_mini_pan_other_thingy,
          grunt_pan_pentagram, grunt_pan_pentagram, enter_ziggurat_pan_c,
          pan_disco_hall, pan_blood_fountain, nicolae_pan_mnolegish_1,
          reaverb_pan_squares, evilmike_mini_pan_other_thingy, uniq_lom_lobon,
          nicolae_pan_mnolegish_1, rand_demon_1, uniq_cerebov,
          nicolae_pan_sigil_uleosi, evilmike_mini_pan_V, gloorx_vloq_grunt,
          pan_blood_fountain_small, rand_demon_5, pan_blood_fountain,
          enter_ziggurat_pan_b, evilmike_mini_pan_other_thingy,
          pan_blood_fountain_small, uniq_gloorx_vloq, grunt_pan_zigzag,
          rand_demon_9, uniq_cerebov, uniq_gloorx_vloq,
          evilmike_mini_pan_branches, uniq_gloorx_vloq, enter_ziggurat_pan_d,
          evilmike_mini_pan_branches, uniq_cerebov, rand_demon_6, mnoleg_st,
          grunt_pan_zigzag, uniq_mnoleg, pan_blood_fountain_2,
          pan_blood_fountain, uniq_ignacio, grunt_pan_in_and_out, uniq_mnoleg
Zig:7:    ziggurat_pillar_centre_dead_trees, ziggurat_pillar_centre_oklobs,
          ziggurat_pillar_centre_c
Lab:      labyrinth_hidden_loot, nicolae_lab_dead_end
Bazaar:   bazaar_long_row
Trove:    trove_jewellery_lava
Volcano:  volcano_grotto
WizLab:   wizlab_lehudib
